 Dungeon Crawl Stone Soup version 0.17-a0-186-g8d083fd (webtiles) character file.

67 squibie the Magician (level 3, -1/19 HPs)
             Began as a Deep Elf Wizard on Mar 27, 2015.
             Slain by an orc wizard
             ... wielding a +0 dagger
              (2 damage)
             ... on level 3 of the Dungeon.
             The game lasted 00:03:34 (1713 turns).

squibie the Magician (Deep Elf Wizard)              Turns: 1713, Time: 00:03:34

Health: -1/19      AC:  2    Str:  4    XL:     3   Next: 98%
Magic:  2/14       EV: 12    Int: 23    God:
Gold:   147        SH:  0    Dex: 13    Spells: 1 memorised, 12 levels left

rFire  . . .     SeeInvis .     j - +1 short sword (freeze)
rCold  . . .     Clarity  .     a - +0 robe
rNeg   . . .     SustAb   .     (no shield)
rPois  .         Gourm    .     b - +0 hat
rElec  .         Spirit   .     (no cloak)
rCorr  .         Warding  .     (no gloves)
rMut   .         Stasis   .     (no boots)
MR     .....                    (no amulet)
Stlth  ++........               (no ring)
                                (no ring)

@: very slightly contaminated, not resistant to hostile enchantments, unstealthy
A: no striking features
a: no special abilities


You were on level 3 of the Dungeon.
You were not hungry.

You visited 1 branch of the dungeon, and saw 3 of its levels.

You collected 147 gold pieces.

Inventory:

Hand weapons
 f - a +0 spear
 j - a +1 short sword of freezing (weapon)
Armour
 a - a +0 robe (worn)
 b - a +0 hat (worn)
Rods
 v - a cursed +1 rod of destruction (14/14)
   (You found it on level 3 of the Dungeon)
Scrolls
 h - a scroll of recharging
 l - a scroll of enchant armour {unknown}
 m - a scroll of blinking {unknown}
 o - 2 scrolls of enchant weapon {unknown}
 q - a scroll of fear {unknown}
 r - 2 scrolls of remove curse
 s - 2 scrolls of identify
 t - a scroll of magic mapping {unknown}
Potions
 e - a potion of might
 i - 2 potions of magic {unknown}
 k - a potion of invisibility {unknown}
 n - 2 potions of heal wounds {unknown}
 p - a potion of restore abilities {unknown}
 u - a potion of brilliance {unknown}
Books
 c - a book of Minor Magic

   Spells                             Type                      Level
   a - Magic Dart                     Conjuration                  1
   b - Blink                          Translocation                2
   c - Call Imp                       Summoning                    2
   d - Repel Missiles                 Charms/Air                   2
   e - Slow                           Hexes                        2
   f - Conjure Flame                  Conjuration/Fire             3
   g - Mephitic Cloud                 Conjuration/Poison/Air       3
Comestibles
 d - a bread ration
 g - a meat ration


   Skills:
 - Level 2.4 Dodging
 - Level 2.4 Stealth
 + Level 5.9 Spellcasting
 - Level 2.8 Conjurations
   Level 1.1 Summonings
   Level 1.1 Translocations


You had 12 spell levels left.
You knew the following spells:

 Your Spells              Type           Power        Failure   Level  Hunger
a - Magic Dart            Conj           ###.         2%          1    None


Dungeon Overview and Level Annotations

Branches:
Dungeon (3/15)

Altars:
Xom


Message History

The orc wizard closely misses you.
Casting: Magic Dart
Confirm with . or Enter, or press ? or * to list all spells.
Aiming: Magic Dart
Press: ? - help, Shift-Dir - straight line, f/p - orc wizard
Aim: an orc wizard, wielding a dagger and wearing a robe (severely wounded)
The magic dart hits the orc wizard.
The orc wizard is almost dead.
The orc wizard gestures wildly while chanting.
The orc wizard flickers and vanishes!
Deactivating autopickup; reactivate with Ctrl-A.
Casting: Magic Dart
Confirm with . or Enter, or press ? or * to list all spells.
Okay, then.
Casting: Magic Dart
Confirm with . or Enter, or press ? or * to list all spells.
Aiming: Magic Dart
Press: ? - help, Shift-Dir - straight line The magic dart hits something.
Something hits you.
You die...

..###.##.###..######. .
.......)..........
................##
##.#######.#####
#######.#####
.............#####
#.#####.#.........#
..#.....#..##..##.#
.........@.....#
#....##.{....##
#....##..##..#
#....##.)##..# #
#######....##..##..##.#
###....####.............#
#......o......#...#..##.#
#..##########.....#[.# #
...# ###.#...#..#


There were no monsters in sight!

Vanquished Creatures
  2 adders (D:2)
  A worm (D:3)
  3 giant geckos
  An orc (D:3)
  7 hobgoblins
  3 jackals (D:3)
  3 giant cockroaches (D:1)
  2 giant newts
  5 goblins
  7 kobolds
  6 rats
40 creatures vanquished.

Vanquished Creatures (others)
  A giant newt (D:3)
1 creature vanquished.

Grand Total: 41 creatures vanquished

Notes
Turn   | Place    | Note
--------------------------------------------------------------
     0 | D:1      | squibie, the Deep Elf Wizard, began the quest for the Orb.
     0 | D:1      | Reached XP level 1. HP: 10/10 MP: 6/6
   306 | D:1      | Reached XP level 2. HP: 12/15 MP: 6/9
   915 | D:2      | Found a shimmering altar of Xom.
   932 | D:2      | Reached skill level 5 in Spellcasting
   932 | D:2      | Reached XP level 3. HP: 19/19 MP: 0/14
  1713 | D:3      | Slain by an orc wizard

Action                   || total
-------------------------++-------
Melee: Spear             ||    15
       Short sword       ||    17
 Cast: Magic Dart        ||    85
  Use: Scroll            ||     3
 Stab: Sleeping          ||     2
  Eat: Chunk             ||     2
